 Dungeon Crawl Stone Soup version 0.17-a0-2215-g49c1de0 (webtiles) character file.

102 tp1 the Conjurer (level 4, -19/24 HPs)
             Began as a Deep Elf Conjurer on Oct 27, 2015.
             Demolished by an orc warrior
             ... wielding a +0 dire flail
              (25 damage)
             ... on level 3 of the Dungeon.
             The game lasted 00:18:00 (3410 turns).

tp1 the Conjurer (Deep Elf Conjurer)                Turns: 3410, Time: 00:18:01

Health: -19/24     AC:  2    Str:  5    XL:     4   Next: 50%
Magic:  1/11       EV: 13    Int: 21    God:
Gold:   67         SH:  0    Dex: 15    Spells: 3 memorised, 4 levels left

rFire  . . .     SeeInvis .     g - +0 quarterstaff
rCold  . . .     Clarity  .     a - +0 robe
rNeg   . . .     SustAt   .     (no shield)
rPois  .         Gourm    .     (no helmet)
rElec  .         Spirit   .     (no cloak)
rCorr  .         Warding  .     (no gloves)
rMut   .         Stasis   .     (no boots)
MR     .....                    (no amulet)
Stlth  ++........               (no ring)
                                (no ring)

@: very slightly contaminated, invisible, not resistant to hostile enchantments,
unstealthy
A: no striking features
a: no special abilities


You were on level 3 of the Dungeon.
You were not hungry.

You visited 1 branch of the dungeon, and saw 3 of its levels.

You collected 67 gold pieces.

Inventory:

Hand Weapons
 g - a +0 quarterstaff (weapon)
Armour
 a - a +0 robe (worn)
Jewellery
 h - an uncursed amulet of rage {unknown}
 p - a cursed ring of teleportation {unknown}
Scrolls
 d - a scroll of immolation {unknown}
 e - 6 scrolls of teleportation {unknown}
 f - 3 scrolls of remove curse {unknown}
 j - a scroll of recharging {unknown}
 l - 3 scrolls of noise {unknown}
 m - a scroll of identify {unknown}
 n - 2 scrolls of fog {unknown}
 o - 2 scrolls of fear {unknown}
 r - a scroll of enchant armour {unknown}
Potions
 q - a potion of berserk rage {unknown}
 t - a potion of heal wounds {unknown}
Books
 b - a book of Conjurations

   Spells                             Type                      Level
   a - Magic Dart                     Conjuration                  1
   b - Searing Ray                    Conjuration                  2
   c - Dazzling Spray                 Conjuration/Hexes            3
   d - Fulminant Prism                Conjuration/Hexes            4
   e - Iskenderun's Mystic Blast      Conjuration                  4
   f - Iskenderun's Battlesphere      Conjuration/Charms           5
Comestibles
 c - 3 bread rations
 i - 2 beef jerkies
 s - 4 chunks of flesh


   Skills:
 - Level 3.0 Dodging
 - Level 2.7 Stealth
 + Level 3.5 Spellcasting
 - Level 6.0 Conjurations


You had 4 spell levels left.
You knew the following spells:

 Your Spells              Type           Power        Failure   Level  Hunger
a - Magic Dart            Conj           ####         1%          1    None
b - Searing Ray           Conj           ####..       1%          2    ##.....
c - Dazzling Spray        Conj/Hex       ###.....     14%         3    ###....


Dungeon Overview and Level Annotations

Branches:
Dungeon (3/15)

Altars:
Xom


Message History

The orc warrior is severely wounded.
The searing ray misses the orc warrior.
The searing ray hits the orc warrior.
The orc warrior is severely wounded.
The searing ray hits the orc warrior.
The orc warrior is almost dead.
The searing ray hits something.
The orc warrior closely misses you.
Casting: Searing Ray
Confirm with . or Enter, or press ? or * to list all spells.
Aiming: Searing Ray
Press: ? - help, Shift-Dir - straight line, f/p - orc warrior
Aim: an orc warrior, wielding a dire flail and wearing a chain mail (almost dead)
The searing ray hits the orc warrior.
The orc warrior is almost dead.
The orc warrior barely misses you.
The searing ray hits the orc warrior.
The orc warrior is almost dead.
The orc warrior hits you with a dire flail!!
Ouch! That really hurt!
You die...

### #.. #.# #.# #@#
#o# #.# #.# #######
#.# ### #.....# #.#
#.####.....# #.#
###.#.##.....#
##.###.....##.#####
##.....)....##...#..


You could see an orc warrior.

Vanquished Creatures
  3 adders
  A worm (D:2)
  A giant gecko (D:1)
  4 orcs (D:3)
  8 bats
  2 giant cockroaches (D:2)
  5 hobgoblins
  9 jackals
  11 kobolds
  3 quokkas
  5 giant newts
  5 goblins
  8 rats
65 creatures vanquished.

Notes
Turn   | Place    | Note
--------------------------------------------------------------
     0 | D:1      | tp1 the Deep Elf Conjurer began the quest for the Orb.
     0 | D:1      | Reached XP level 1. HP: 10/10 MP: 6/6
   452 | D:1      | Reached XP level 2. HP: 15/15 MP: 5/8
  1453 | D:2      | Found a shimmering altar of Xom.
  1454 | D:2      | Found a shimmering altar of Xom.
  1456 | D:2      | Found a shimmering altar of Xom.
  1461 | D:2      | Found a shimmering altar of Xom.
  1464 | D:2      | Found a shimmering altar of Xom.
  1476 | D:2      | Found a shimmering altar of Xom.
  1493 | D:2      | Reached XP level 3. HP: 19/19 MP: 5/9
  1615 | D:2      | Reached skill level 5 in Conjurations
  2023 | D:2      | Learned a level 2 spell: Searing Ray
  2027 | D:2      | Learned a level 3 spell: Dazzling Spray
  2058 | D:2      | Reached XP level 4. HP: 24/24 MP: 2/11
  2464 | D:2      | Found a shimmering altar of Xom.
  2465 | D:2      | Found a shimmering altar of Xom.
  2467 | D:2      | Found a shimmering altar of Xom.
  2468 | D:2      | Found a shimmering altar of Xom.
  2468 | D:2      | Found a shimmering altar of Xom.
  2469 | D:2      | Found a shimmering altar of Xom.
  2839 | D:3      | Noticed an orc warrior
  3247 | D:3      | Reached skill level 6 in Conjurations
  3410 | D:3      | Demolished by an orc warrior

Vault maps used:
D:1:      eino_arrival_water_star, minmay_bisected
D:2:      xom_redecorated
D:3:      grunt_decor_cap

Action                   |  1- 3 |  4- 6 || total
-------------------------+-------+-------++-------
Melee: Unarmed           |     9 |       ||     9
       Quarterstaff      |       |     5 ||     5
 Cast: Magic Dart        |    85 |    28 ||   113
       Searing Ray       |     2 |     3 ||     5
       Dazzling Spray    |       |     2 ||     2
  Use: Potion            |       |     1 ||     1
  Eat: Chunk             |     3 |     5 ||     8
